 Dungeon Crawl Stone Soup version 0.27-a0-1456-gf5a116941d (webtiles) character file.

Game seed: 10851768799901599246

352 robertstho the Magician (level 6, 0/32 HPs)
             Began as a Deep Elf Fire Elementalist on July 6, 2021.
             Slain by Duvessa (5 damage)
             ... on level 4 of the Dungeon.
             The game lasted 00:07:59 (4827 turns).

robertstho the Magician (DEFE)                      Turns: 4827, Time: 00:08:00

Health: 0/32       AC:  2    Str:  5    XL:     6   Next: 35%
Magic:  3/16       EV: 12    Int: 22    God:
Gold:   159        SH:  0    Dex: 15    Spells: 3/16 levels left

rFire    . . .     SeeInvis .   e - +1 hand axe (vamp)
rCold    . . .     Faith    .   (no shield)
rNeg     + . .     Spirit   .   a - +0 robe
rPois    +         Reflect  .   (no helmet)
rElec    .         Harm     .   (no cloak)
rCorr    .         Rampage  .   (no gloves)
Will     +....                  (no boots)
Stlth    ++........             (no amulet)
HPRegen  0.10/turn              g - ring of poison resistance
MPRegen  0.15/turn              s - ring of Generosity {rN+ Will+}

@: hasted, very quick
A: no striking features
a: no special abilities


You were on level 4 of the Dungeon.
You visited 1 branch of the dungeon, and saw 4 of its levels.

You collected 159 gold pieces.

Inventory:

Hand Weapons
 b - a +0 spear
 e - a +1 vampiric hand axe (weapon)
 o - a +2 dagger of holy wrath
Armour
 a - a +0 robe (worn)
Jewellery
 g - a ring of poison resistance (left hand)
 s - the ring of Generosity (right hand) {rN+ Will+}
   (You found it on level 3 of the Dungeon)

   [ring of positive energy]

   rN:        It protects you from negative energy.
   Will:      It increases your willpower.
Scrolls
 c - a scroll of vulnerability {unknown}
 d - a scroll of enchant armour {unknown}
 i - a scroll of silence {unknown}
 m - a scroll of identify {unknown}
 p - a scroll of immolation {unknown}
 q - a scroll of fog
Potions
 f - a potion of haste
 h - a potion of ambrosia {unknown}
 j - 3 potions of invisibility {unknown}
 k - 2 potions of cancellation {unknown}
 l - a potion of heal wounds {unknown}
 n - a potion of degeneration {unknown}
 r - a potion of mutation {unknown}
 t - a potion of magic {unknown}
 u - a potion of might {unknown}


   Skills:
 + Level 0.1 Fighting
 + Level 2.5 Dodging
 + Level 3.1 Stealth
 * Level 5.5 Spellcasting
 * Level 4.0 Conjurations
 * Level 5.2 Fire Magic


You had 3 spell levels left.
You knew the following spells:

 Your Spells              Type           Power      Damage    Failure   Level
a - Foxfire               Conj/Fire      100%       2x1d9     1%          1
b - Conjure Flame         Conj/Fire      26%        6-21      4%          3
c - Sticky Flame          Conj/Fire      26%        2d5       14%         4
d - Fireball              Conj/Fire      13%        3d7       38%         5

Your spell library contained the following spells:

 Spells                   Type           Power      Damage    Failure   Level
 Animate Skeleton         Necr           12%        N/A       10%         1
 Pain                     Necr           24%        1d5       10%         1
 Inner Flame              Hex/Fire       17%        N/A       10%         3
 Slow                     Hex            6%         N/A       14%         2
 Confusing Touch          Hex            6%         N/A       28%         3
 Vampiric Draining        Necr           3%         2d6       28%         3


Dungeon Overview and Level Annotations

Branches:
Dungeon (4/15)
 Temple: D:4-7

Altars:
Hepliaklqana
Trog
Xom

Annotations:
D:4 Duvessa


Message History

Duvessa is lightly wounded.
Your Conjurations skill increases to level 4!
Casting: Foxfire (safe; 1% risk of failure)
Press: ? - help, Q - select action, (/) - cycle Dir - look around, f - activate You conjure some foxfire!
The foxfire hits Duvessa.
Duvessa is moderately wounded.
You hear a shout!
Casting: Foxfire (safe; 1% risk of failure)
Press: ? - help, Q - select action, (/) - cycle Dir - look around, f - activate You conjure some foxfire!
The foxfire hits Duvessa!
Duvessa is moderately wounded.
The foxfire hits Duvessa!
Duvessa is heavily wounded.
The foxfire hits Duvessa but does no damage.
Duvessa is heavily wounded.
Casting: Foxfire (safe; 1% risk of failure)
Press: ? - help, Q - select action, (/) - cycle Dir - look around, f - activate You conjure some foxfire!
The foxfire hits Duvessa but does no damage.
Duvessa is heavily wounded.
The foxfire hits Duvessa but does no damage.
Duvessa is heavily wounded.
Casting: Foxfire (safe; 1% risk of failure)
Confirm with . or Enter, or press ? or * to list all spells.
Okay, then.
The foxfire hits Duvessa!
Duvessa is severely wounded.
The foxfire hits Duvessa but does no damage.
Duvessa is severely wounded.
Duvessa rages.
Duvessa hits you with a +2 short sword of protection!
As you read the scroll labelled FYNGISA QOOXAIQI, it crumbles to dust.
The scroll dissolves into smoke.
It was a scroll of fog.
Duvessa hits you with a +2 short sword of protection!
* * * LOW HITPOINT WARNING * * *
It was a potion of haste.
You feel yourself speed up.
Duvessa hits you with a +2 short sword of protection.
You die...

###.### ####..# .....!..#
##....## ........#
#..##... ........#
####.#.#### ...)....#
####........§§ ........#
##(...##..##'##
........###..#####.###...
#....§§§§..# #...####
....#§e@§...# ###..# .
#.##.§§..# ##.### #.
##...># #...( #. ##...#
##### #. #...# # #. .#..#
. #...# ..#


You could see Duvessa (berserk).

Vanquished Creatures
  2 scorpions (D:4)
  Dowan (D:4)
  A hound zombie (D:3)
  A hound skeleton (D:4)
  4 adders
  A worm (D:2)
  4 dart slugs
  4 orcs (D:3)
  14 ball pythons
  9 endoplasms
  4 giant cockroaches
  11 goblins
  9 hobgoblins
  4 jackals (D:2)
  6 quokkas
  4 bats
  7 frilled lizards
  8 kobolds
  9 rats
103 creatures vanquished.

Vanquished Creatures (others)
  433 foxfires
  5 fungi (D:3)
438 creatures vanquished.

Grand Total: 541 creatures vanquished

Notes
Turn   | Place    | Note
-------+----------+-------------------------------------------
     0 | D:1      | robertstho the Deep Elf Fire Elementalist began the quest
                  | for the Orb.
     0 | D:1      | Reached XP level 1. HP: 10/10 MP: 6/6
   225 | D:1      | Reached XP level 2. HP: 14/15 MP: 8/8
  1080 | D:1      | Reached XP level 3. HP: 19/19 MP: 7/9
  1106 | D:1      | Learned a level 3 spell: Conjure Flame
  1788 | D:2      | Found a faded altar of an unknown god.
  2393 | D:2      | Reached XP level 4. HP: 24/24 MP: 7/11
  3080 | D:3      | Found a bloodstained altar of Trog.
  3081 | D:3      | Found a hazy altar of Hepliaklqana.
  3087 | D:3      | Found a shimmering altar of Xom.
  3832 | D:3      | Reached XP level 5. HP: 28/28 MP: 7/13
  3842 | D:3      | Identified the ring of Generosity {rN+ Will+}
  4300 | D:4      | Learned a level 4 spell: Sticky Flame
  4306 | D:4      | Learned a level 5 spell: Fireball
  4348 | D:4      | Reached skill level 5 in Spellcasting
  4698 | D:4      | Reached skill level 5 in Fire Magic
  4811 | D:4      | Noticed Dowan
  4817 | D:4      | Reached XP level 6. HP: 22/32 MP: 9/15
  4818 | D:4      | Noticed Duvessa
  4821 | D:4      | Killed Dowan
  4827 | D:4      | Slain by Duvessa

Illustrated notes

Levels and vault maps discovered:
D:1:      dpeg_arrival_circle_labyrinth_a, layout_loops_ring,
          serial_park_tiny_pond, minmay_misc_feat_rugged
D:2:      layout_basic, hellmonk_ecumenical_altar_leap_of_faith
D:3:      minmay_octagon_keep, layout_basic, minitemple,
          minmay_shallow_snake_nest
D:4:      layout_rooms, chequers_serial_rivers_micro_e,
          grunt_decor_mini_mirrors, minmay_misc_feat_plants,
          corexii_corridor_pit, uniq_menkaure, uniq_duvessa

Skill      XL: |  1  2  3  4  5  6 |
---------------+-------------------+-----
Fire Magic     | 4 5 |  5.2
Conjurations   | 2 3 4 |  4.0
Stealth        | 3 |  3.1
Spellcasting   | 4 5 |  5.5
Fighting       | |  0.1
Dodging        | |  2.5

Action                   |  1- 3 |  4- 6 || total
-------------------------+-------+-------++-------
Melee: Spear             |    20 |       ||    20
       Hand axe          |       |     1 ||     1
 Cast: Foxfire           |   119 |   145 ||   264
  Use: Scroll            |       |     1 ||     1
       Potion            |       |     1 ||     1
 Stab: Sleeping          |     3 |       ||     3
Armor: Robe              |     3 |     7 ||    10
Dodge: Dodged            |    20 |    25 ||    45

Table legend: (Time is in decaauts)
 A = Elapsed time spent in this place.
 B = Non-inter-level travel time spent in this place.
 C = Inter-level travel time spent in this place.
 D = Time resting spent in this place.
 E = Time spent auto-exploring this place.
 F = Levels seen in this place.
 G = Mean time per level.
                   A        B        C        D        E       F      G
               +--------+--------+--------+--------+--------+-----+--------+
         Total |   4826 |   4762 |     64 |      0 |   4055 |   4 | 1206.5 |
       Dungeon |   4826 |   4762 |     64 |      0 |   4055 |   4 | 1206.5 |
               +--------+--------+--------+--------+--------+-----+--------+

Top non-repeatable levels by time:
     D:1: 1620 daAuts
     D:3: 1410 daAuts
     D:2: 1262 daAuts
     D:4: 532 daAuts
